[Event "ICC tourney 1877 (15 10)"]
[Site "Internet Chess Club"]
[Date "2020.06.14"]
[Round "2"]
[White "tigerche207"]
[Black "johnsam111"]
[Result "1-0"]
[ICCResult "Black forfeits on time"]
[WhiteElo "1483"]
[BlackElo "1317"]
[Opening "Van't Kruijs opening"]
[ECO "A00"]
[Time "13:52:13"]
[TimeControl "900+10"]

1. e3 d5 2. Nf3 c5 3. d4 cxd4 4. exd4 Nc6 5. Bf4 Bf5 6. Bb5 e6 7. O-O Nf6 8.
Nc3 Bd6 9. Ne5 Qc7 10. Bg3 O-O 11. Re1 a6 12. Bxc6 bxc6 13. Na4 Ne4 14. Nd3
Nxg3 15. hxg3 Bxd3 16. Qxd3 Qa5 17. b3 c5 18. dxc5 Bxc5 19. Re5 Be7 20. Rh5
g6 21. Rh3 Bf6 22. Rd1 Qb5 23. Qe3 Bg7 24. Kh2 d4 25. Qd2 e5 26. Rh1 h5 27.
Kg1 e4 28. g4 hxg4 29. Rh8+ Bxh8 30. Qh6 Qh5 31. Rxh5 gxh5 32. Qg5+ Bg7 33.
Nb6 Rad8 34. Nd5 f6 35. Qxh5 Rfe8 36. Qg6 Re6 37. Nf4 Red6 38. Nh5 R8d7 39.
Nxf6+ Rxf6 40. Qe8+ Rf8 41. Qxd7 g3 42. Qe6+ Rf7 43. Qxe4 gxf2+ 44. Kf1 Rf8
45. Qe6+ Kh8 46. Qxa6 {Black forfeits on time} 1-0

[Event "ICC tourney 1877 (15 10)"]
[Site "Internet Chess Club"]
[Date "2020.06.14"]
[Round "2"]
[White "Queen-2007"]
[Black "MIEMBR"]
[Result "1-0"]
[ICCResult "Black resigns"]
[WhiteElo "1546"]
[BlackElo "1436"]
[Opening "Sicilian: Taimanov (Bastrikov) variation"]
[ECO "B47"]
[NIC "SI.40"]
[Time "13:52:01"]
[TimeControl "900+10"]

1. e4 c5 2. Nf3 e6 3. d4 cxd4 4. Nxd4 Nc6 5. Nc3 Qc7 6. Nxc6 bxc6 7. Be3 Nf6
8. Qd2 Bb4 9. f3 O-O 10. O-O-O a5 11. g4 d5 12. g5 Nd7 13. a3 Bc5 14. h4
Bxe3 15. Qxe3 Ba6 16. h5 Ne5 17. f4 Bxf1 18. Rdxf1 Nc4 19. Qg3 Qb6 20. Na4
Qb5 21. h6 g6 22. b3 Nd6 23. Qc3 f6 24. Nc5 Nxe4 25. Nxe4 dxe4 26. gxf6 Rad8
27. Rd1 Qf5 28. f7+ Qxf7 29. Rxd8 Rxd8 30. Kb1 Qd7 31. Qxa5 Rf8 32. Qe5 e3
33. Qxe3 Qd5 34. Re1 Kf7 35. Qa7+ Ke8 36. Qxh7 Qf5 37. Qc7 Qf7 38. Qxc6+ Kd8
39. Rd1+ Ke7 40. Rd7+ {Black resigns} 1-0

[Event "ICC tourney 1877 (15 10)"]
[Site "Internet Chess Club"]
[Date "2020.06.14"]
[Round "2"]
[White "Gurru235088"]
[Black "justice02"]
[Result "0-1"]
[ICCResult "White resigns"]
[WhiteElo "1410"]
[BlackElo "1594"]
[Opening "QGD Slav: exchange variation"]
[ECO "D13"]
[NIC "SL.02"]
[Time "13:52:14"]
[TimeControl "900+10"]

1. d4 d5 2. c4 c6 3. cxd5 cxd5 4. Nf3 Nf6 5. Nc3 Nbd7 6. Bf4 a6 7. e3 Nb6 8.
Bd3 g6 9. O-O Bg7 10. Rc1 O-O 11. Ne2 Ne8 12. a4 Bg4 13. Ng3 Rc8 14. a5 Nc4
15. Bxc4 dxc4 16. Qd2 Bxf3 17. gxf3 e5 18. Bxe5 Bxe5 19. f4 Bg7 20. Rfd1 Nd6
21. e4 Nb5 22. e5 Qd5 23. Qe3 Rfd8 24. Ne2 Bf8 25. Nc3 Nxc3 26. bxc3 Qxa5
27. Ra1 Qd5 28. f3 Be7 29. Qe4 Qd7 30. d5 f5 31. Qe2 Bf8 32. d6 Re8 33. Qf1
Rc6 34. Rd4 b5 35. Re1 Re6 36. Ra1 Bh6 37. h4 Re8 38. Re1 Qa7 39. Kh1 Rd8
40. e6 Bg7 41. e7 Qd7 42. exd8=Q+ Qxd8 43. d7 Qxh4+ 44. Kg1 Bxd4+ 45. cxd4
Rd6 46. Re8+ Kg7 47. Qe2 Rxd7 48. Qe5+ Kh6 49. Rh8 Qg3+ 50. Kf1 Qxf3+ 51.
Kg1 Qe4 52. Qf6 Qxd4+ 53. Qxd4 Rxd4 {White resigns} 0-1

[Event "ICC tourney 1877 (15 10)"]
[Site "Internet Chess Club"]
[Date "2020.06.14"]
[Round "2"]
[White "Joshua1"]
[Black "Tzvibar"]
[Result "1-0"]
[ICCResult "Black resigns"]
[WhiteElo "1582"]
[BlackElo "1278"]
[Opening "Gr?nfeld: Stockholm variation"]
[ECO "D80"]
[NIC "GI.03"]
[Time "13:52:03"]
[TimeControl "900+10"]

1. d4 Nf6 2. c4 g6 3. Nc3 d5 4. Bg5 Ne4 5. Bh4 Bg7 6. cxd5 Nxc3 7. bxc3 Qxd5
8. e3 Nc6 9. Nf3 O-O 10. Be2 Qa5 11. Qc2 e5 12. O-O Bf5 13. e4 Bg4 14. d5
Nd8 15. Rab1 f5 16. Be7 Rf7 17. d6 fxe4 18. Rb5 Qa3 19. Ng5 Bxe2 20. Qxe2
Rf5 21. Qc4+ Kh8 22. Qxc7 Nf7 23. Qxb7 Rg8 24. Nxf7+ Rxf7 25. Qd5 Rxe7 26.
dxe7 Qxe7 27. Qxe4 Rc8 28. Rb7 Qc5 29. Qf3 Qc4 30. Rd1 Rf8 31. Qe3 Qxa2 32.
Rxa7 Qc2 33. Qd3 Qxf2+ 34. Kh1 Qxa7 35. c4 Qc5 36. h3 Bf6 37. Rb1 Rd8 38.
Qf3 Bg7 39. Rc1 Rf8 40. Qd3 Qf2 41. c5 Rc8 42. c6 Qd4 43. Qa6 Qd8 44. c7
Rxc7 45. Rxc7 Qxc7 46. Qa8+ {Black resigns} 1-0

[Event "ICC tourney 1877 (15 10)"]
[Site "Internet Chess Club"]
[Date "2020.06.14"]
[Round "2"]
[White "persianking"]
[Black "Leolix"]
[Result "0-1"]
[ICCResult "White resigns"]
[WhiteElo "1800"]
[BlackElo "1663"]
[Opening "English: Bremen, reverse dragon"]
[ECO "A22"]
[NIC "EO.10"]
[Time "13:52:05"]
[TimeControl "900+10"]

1. c4 Nf6 2. Nc3 e5 3. g3 d5 4. cxd5 Nxd5 5. Bg2 Be6 6. Qb3 Nb4 7. Qa4+ N8c6
8. Nf3 Bd6 9. d4 O-O 10. dxe5 Bc5 11. O-O Qe7 12. Bg5 Qe8 13. Ne4 Bb6 14. a3
Nd5 15. Rac1 h6 16. Bd2 Nxe5 17. Qc2 Nxf3+ 18. Bxf3 Rd8 19. Nc5 Bxc5 20.
Qxc5 b6 21. Qc2 c5 22. e4 Ne7 23. Bc3 Nc6 24. b4 cxb4 25. axb4 Nd4 26. Bxd4
Rxd4 27. Qb2 Rd3 28. Be2 Rb3 29. Qd2 Qe7 30. Rb1 Rd8 31. Qe1 Rxb1 32. Qxb1
Rd4 33. b5 Bc4 34. Bxc4 Rxc4 35. Re1 Qc5 36. Rd1 Rc2 37. Rd8+ Kh7 38. Qf1
Rc1 39. Rd1 Rxd1 40. Qxd1 Qxb5 41. Qf3 a5 42. Qxf7 Qb1+ 43. Kg2 Qxe4+ 44. f3
Qb1 45. Kh3 a4 46. f4 a3 47. f5 Qf1+ 48. Kh4 Qe2 49. Qg6+ Kh8 50. f6 Qc4+
51. g4 gxf6 52. Qxh6+ Kg8 53. Qg6+ Kf8 54. Qxf6+ Qf7 55. Qd8+ Kg7 56. Qg5+
Kh7 57. Qc1 a2 58. Qc2+ Kg7 59. Qc1 Qf6+ 60. g5 Qd4+ 61. Kh5 a1=Q 62. Qc7+
Kf8 63. Qc8+ Ke7 64. Qb7+ Qd7 65. Qe4+ Kd8 66. Qa8+ Qxa8 {White resigns} 0-1

[Event "ICC tourney 1877 (15 10)"]
[Site "Internet Chess Club"]
[Date "2020.06.14"]
[Round "2"]
[White "Mitochondria"]
[Black "VibrantBroccoli"]
[Result "0-1"]
[ICCResult "White resigns"]
[WhiteElo "1605"]
[BlackElo "1489"]
[Opening "QGD: 4.Bg5"]
[ECO "D43"]
[NIC "QO.16"]
[Time "13:52:00"]
[TimeControl "900+10"]

1. d4 d5 2. c4 e6 3. Nc3 Nf6 4. Bg5 c6 5. Nf3 h6 6. Bh4 Bd6 7. Ne5 Nbd7 8.
cxd5 exd5 9. Nxd7 Bxd7 10. e3 O-O 11. Bd3 Re8 12. Qc2 Be7 13. O-O Ng4 14.
Bxe7 Qxe7 15. h3 Nf6 16. Bf5 b6 17. Rac1 Rac8 18. a3 g6 19. Bxd7 Qxd7 20.
Ne2 Ne4 21. Nf4 c5 22. dxc5 Rxc5 23. Qd3 Rec8 24. Rxc5 Rxc5 25. Rd1 Nf6 26.
Qd4 Qe7 27. Qb4 Qe4 28. Qxe4 dxe4 29. Rd2 Kg7 30. Ne2 a5 31. Nd4 b5 32. Rc2
Rd5 33. Rc7 Ne8 34. Rb7 Nd6 35. Rd7 Kf6 36. Ra7 b4 37. axb4 axb4 38. Ra6 Kg7
39. Ra7 Nc4 40. b3 Ne5 41. Ne6+ Kf6 42. Nf4 Rc5 43. Ra6+ Kg7 44. Ra7 Rc1+
45. Kh2 Nd3 46. Ne6+ Kf6 47. Nd4 Nxf2 48. Ra6+ Kg7 49. Rb6 Nd3 50. Rb7 h5
51. Kg3 Re1 52. Kh2 h4 53. Nc2 Rb1 54. Re7 Nf2 55. g4 Rb2 56. Nxb4 Nxg4+ 57.
Kg1 Rxb3 58. Rxe4 Nxe3 59. Rxh4 Nf5 60. Re4 Rxh3 61. Nd5 Rd3 62. Nf4 Rd2 63.
Ra4 g5 64. Nh3 f6 65. Rg4 Ne3 66. Ra4 Kg6 67. Ra6 Rd4 68. Nf2 g4 69. Ra3 Nd1
70. Nd3 Kg5 71. Nc5 Kh4 72. Ne6 Re4 73. Ng7 Re5 74. Rd3 Nb2 75. Rd2 Nc4 76.
Rd4 Ne3 77. Rd3 f5 78. Rxe3 Ra5 79. Re1 f4 80. Ne6 f3 81. Rf1 Kg3 82. Nd4
Rd5 83. Nc2 Rd3 84. Nb4 Rd2 85. Nc6 Rg2+ 86. Kh1 Rh2+ 87. Kg1 f2+ 88. Rxf2
Rxf2 89. Nd4 Rf8 90. Ne2+ Kh3 91. Nd4 g3 92. Ne2 Ra8 93. Kf1 Ra1+ 94. Nc1
Rxc1+ {White resigns} 0-1

[Event "ICC tourney 1877 (15 10)"]
[Site "Internet Chess Club"]
[Date "2020.06.14"]
[Round "2"]
[White "HarleyQueen8"]
[Black "Pifischer"]
[Result "1/2-1/2"]
[ICCResult "Game drawn because neither player has mating material"]
[WhiteElo "1400"]
[BlackElo "1400"]
[Opening "Nimzo-Indian: classical, Noa variation"]
[ECO "E34"]
[NIC "NI.23"]
[Time "13:52:49"]
[TimeControl "900+10"]

1. d4 Nf6 2. c4 e6 3. Nc3 Bb4 4. Qc2 d5 5. Nf3 c5 6. Bg5 cxd4 7. Nxd4 Nc6 8.
Nxc6 bxc6 9. e3 O-O 10. Bd3 h6 11. Bh4 a5 12. O-O Ba6 13. Rfd1 Be7 14. a3
Qc8 15. cxd5 cxd5 16. Rac1 Qb7 17. h3 Rfc8 18. Qe2 Bxd3 19. Rxd3 Rab8 20.
Bxf6 Bxf6 21. Rc2 Qb3 22. Qd2 Rc4 23. Kh1 Rbc8 24. Kg1 g6 25. Kf1 Kg7 26.
Ke2 Bg5 27. Ke1 Qb7 28. Kf1 Qa6 29. Ke1 Qb7 30. Kf1 Qc6 31. Rd4 Rc5 32. Rd3
Rd8 33. Qd1 Rc8 34. Ke2 Rc4 35. Rd4 Rc5 36. Rd3 Rd8 37. Kf1 Rc8 38. Ke2 Bf6
39. Qd2 Rc4 40. Kf1 Qa6 41. Ke1 Qb7 42. Kf1 R8c6 43. Rc1 Rb6 44. Rc2 Rd6 45.
Qe2 Qc6 46. Qe1 Rd8 47. Qd2 Rc8 48. Qe1 Rb8 49. Qd2 Rd8 50. Qe1 e5 51. Rcd2
d4 52. exd4 Rcxd4 53. Rxd4 Rxd4 54. Rxd4 exd4 55. Ne2 Qc2 56. Qc1 d3 57.
Qxc2 dxc2 58. Ke1 Bxb2 59. Kd2 Bxa3 60. Kxc2 Kf6 61. Kb3 Bb4 62. Nd4 Bc5 63.
Nc6 Bxf2 64. Nxa5 Kg5 65. Nc6 Kf4 66. Kc4 f6 67. Kd5 f5 68. Ne7 Kg5 69. Ke6
Bd4 70. Kd5 Bf6 71. Nc6 Bg7 72. Ke6 Kh5 73. Kf7 Bc3 74. Ne7 g5 75. Nxf5 g4
76. hxg4+ Kg5 77. Ke6 Kxg4 78. Nxh6+ Kg3 79. Nf5+ Kxg2
{Game drawn because neither player has mating material}
1/2-1/2

[Event "ICC tourney 1877 (15 10)"]
[Site "Internet Chess Club"]
[Date "2020.06.14"]
[Round "2"]
[White "chief2006"]
[Black "omegablitz"]
[Result "0-1"]
[ICCResult "White checkmated"]
[WhiteElo "1253"]
[BlackElo "1381"]
[Opening "Sicilian: dragon, Yugoslav attack, 9.Bc4"]
[ECO "B77"]
[NIC "SI.18"]
[Time "13:52:06"]
[TimeControl "900+10"]

1. e4 c5 2. Nf3 Nc6 3. d4 cxd4 4. Nxd4 g6 5. Nc3 Bg7 6. Be3 Nf6 7. f3 O-O 8.
Bc4 d6 9. Qd2 Ne5 10. Bb3 Bd7 11. O-O-O a5 12. a4 Rc8 13. h4 h5 14. Bh6 Nc4
15. Bxc4 Rxc4 16. Bxg7 Kxg7 17. b3 Rc8 18. Rdg1 Qc7 19. Ndb5 Bxb5 20. Nxb5
Qc5 21. Kb2 Rfd8 22. g4 Qe5+ 23. Qd4 Qxd4+ 24. Nxd4 hxg4 25. fxg4 Nxe4 26.
h5 Rh8 27. Ne2 Nc5 28. Nf4 g5 29. Nd5 e6 30. Ne3 d5 31. Rh3 Ne4 32. Rh2 Rc3
33. Nd1 Rc7 34. Nf2 Nxf2 35. Rxf2 Rcc8 36. Rgf1 Rcf8 37. Rf6 Rh6 38. R6f3 f6
39. Re1 e5 40. c3 Rd8 41. Rd3 Rd6 42. Red1 Kf7 43. Rxd5 Rxd5 44. Rxd5 Ke6
45. Rxa5 f5 46. gxf5+ Kxf5 47. Rb5 Rxh5 48. Rxb7 g4 49. Rf7+ Ke4 50. Rg7 Kf3
51. Rf7+ Kg2 52. Rg7 g3 53. a5 Kh2 54. a6 g2 55. a7 Rh8 56. Rh7+ Rxh7 57.
a8=Q g1=Q 58. b4 Qf2+ 59. Kb3 Qf7+ 60. c4 Rh3+ 61. Ka4 Qxc4 62. Qb8 Qa6#
{White checkmated}
0-1

[Event "ICC tourney 1877 (15 10)"]
[Site "Internet Chess Club"]
[Date "2020.06.14"]
[Round "2"]
[White "Chessplayer44"]
[Black "AbruptFir"]
[Result "0-1"]
[ICCResult "White resigns"]
[WhiteElo "1204"]
[BlackElo "1215"]
[Opening "Queen's pawn game"]
[ECO "D00"]
[NIC "QP.08"]
[Time "14:24:10"]
[TimeControl "900+10"]

1. d4 d5 2. e3 c6 3. Bd3 Nf6 4. Nd2 Qc7 5. f4 Bg4 6. Ngf3 e6 7. h3 Bxf3 8.
Qxf3 Nbd7 9. O-O Bd6 10. c3 c5 11. e4 dxe4 12. Nxe4 Nxe4 13. Bxe4 Rb8 14. g4
Nf6 15. Bd3 cxd4 16. cxd4 Qb6 17. Qf2 Rd8 18. f5 O-O 19. g5 Nh5 20. Qh4 g6
21. f6 Bg3 22. Qg4 Qxd4+ 23. Qxd4 Rxd4 24. Be2 Nf4 25. Bxf4 Bxf4 26. Rad1
Rxd1 27. Rxd1 Bxg5 28. Rd7 Rb8 29. Bf3 Bxf6 30. b3 Kf8 31. Bxb7 Rd8 32. Bc6
Rxd7 33. Bxd7 Ke7 34. Bb5 Bd4+ 35. Kg2 f5 36. Bc4 h5 37. b4 e5 38. a4 f4 39.
Kf3 g5 40. Bd3 Kf6 41. Be4 Bc3 42. b5 Ba5 43. Bd3 Bb6 44. Be4 Ke6 45. Bg6
Kd5 46. Bxh5 e4+ 47. Kg4 Bd8 48. h4 f3 49. Kg3 gxh4+ 50. Kf2 Bb6+ 51. Kf1 h3
52. Bf7+ Ke5 {White resigns} 0-1

[Event "ICC tourney 1877 (15 10)"]
[Site "Internet Chess Club"]
[Date "2020.06.14"]
[Round "3"]
[White "johnsam111"]
[Black "MalachiConstant"]
[Result "0-1"]
[ICCResult "White resigns"]
[WhiteElo "1248"]
[BlackElo "1354"]
[Opening "Gr?nfeld: exchange variation"]
[ECO "D85"]
[NIC "GI.04"]
[Time "15:14:58"]
[TimeControl "900+10"]

1. d4 Nf6 2. c4 g6 3. Nc3 d5 4. cxd5 Nxd5 5. e4 Nxc3 6. bxc3 Bg7 7. Bd3 c5
8. Be3 Nc6 9. Ne2 O-O 10. Bb5 cxd4 11. cxd4 Qa5+ 12. Kf1 Qxb5 13. Rb1 Qa6
14. d5 Ne5 15. f4 Nc4 16. Bd4 Bg4 17. Bxg7 Kxg7 18. h3 Ne3+ {White resigns}
0-1

[Event "ICC tourney 1877 (15 10)"]
[Site "Internet Chess Club"]
[Date "2020.06.14"]
[Round "3"]
[White "blackmanrook"]
[Black "VeronicaG"]
[Result "1-0"]
[ICCResult "Black checkmated"]
[WhiteElo "1695"]
[BlackElo "1461"]
[Opening "Caro-Kann: two knights variation"]
[ECO "B11"]
[NIC "CK.01"]
[Time "15:13:58"]
[TimeControl "900+10"]

1. e4 c6 2. Nc3 d5 3. Nf3 dxe4 4. Nxe4 Nf6 5. Neg5 h6 6. Nxf7 Kxf7 7. Ne5+
Ke8 8. Bd3 Qd5 9. Bg6+ Kd8 10. Nf7+ Kc7 11. O-O Rg8 12. d4 Bf5 13. Bf4+ Kc8
14. c4 Qd7 15. Ne5 Qe6 16. d5 cxd5 17. cxd5 Qb6 18. Bxf5+ Nbd7 19. Rc1+ Kd8
20. Nxd7 Nxd7 21. Bc7+ Qxc7 22. Rxc7 Kxc7 23. Be6 Rh8 24. Qg4 Nf6 25. Rc1+
Kd8 26. Qa4 g5 27. Qxa7 Rxa7 28. Rc8# {Black checkmated} 1-0

[Event "ICC tourney 1877 (15 10)"]
[Site "Internet Chess Club"]
[Date "2020.06.14"]
[Round "3"]
[White "rockinroll"]
[Black "Krafterdudes"]
[Result "1-0"]
[ICCResult "Black checkmated"]
[WhiteElo "1149"]
[BlackElo "1301"]
[Opening "Queen's pawn, Mason variation"]
[ECO "D00"]
[NIC "QP.08"]
[Time "15:13:51"]
[TimeControl "900+10"]

1. d4 d5 2. Bf4 Nf6 3. e3 Bf5 4. c4 e6 5. Nc3 Be7 6. Qb3 b6 7. Nb5 Bd6 8.
Bxd6 cxd6 9. Rc1 dxc4 10. Qxc4 Nd5 11. g4 Bxg4 12. e4 a6 13. Qa4 Nd7 14.
Nxd6+ Ke7 15. exd5 Kxd6 16. Qb4+ Kxd5 17. Bg2+ Bf3 18. Bxf3# {Black
checkmated} 1-0

[Event "ICC tourney 1877 (15 10)"]
[Site "Internet Chess Club"]
[Date "2020.06.14"]
[Round "3"]
[White "Sricharan07"]
[Black "albli"]
[Result "1-0"]
[ICCResult "Black resigns"]
[WhiteElo "1448"]
[BlackElo "1493"]
[Opening "Sicilian: Alapin's variation (2.c3)"]
[ECO "B22"]
[NIC "SI.47"]
[Time "15:21:17"]
[TimeControl "900+10"]

1. e4 c5 2. c3 Nf6 3. e5 Nd5 4. d4 cxd4 5. cxd4 Nc6 6. Nf3 e6 7. Bd3 d6 8.
O-O dxe5 9. dxe5 Bc5 10. Qe2 h6 11. Rd1 Qb6 12. Be4 Nde7 13. Nc3 O-O 14. Na4
Qb4 15. b3 Bb6 16. a3 Qa5 17. Bd2 Qa6 18. Bd3 {Black resigns} 1-0

[Event "ICC tourney 1877 (15 10)"]
[Site "Internet Chess Club"]
[Date "2020.06.14"]
[Round "3"]
[White "aarushnaveen"]
[Black "andrewhzhang"]
[Result "1-0"]
[ICCResult "Black checkmated"]
[WhiteElo "1453"]
[BlackElo "1388"]
[Opening "Giuoco Piano: Greco's attack"]
[ECO "C54"]
[NIC "IG.02"]
[Time "15:13:41"]
[TimeControl "900+10"]

1. e4 e5 2. Nf3 Nc6 3. Bc4 Bc5 4. c3 Nf6 5. d4 exd4 6. cxd4 Bb4+ 7. Nc3 d5
8. exd5 Bxc3+ 9. bxc3 Nxd5 10. Ba3 Nce7 11. O-O Be6 12. Qb3 Qd7 13. Ne5 Qc8
14. Bxd5 Nxd5 15. c4 Nf6 16. d5 Bf5 17. Qb4 Ng8 18. Qf8# {Black checkmated}
1-0

[Event "ICC tourney 1877 (15 10)"]
[Site "Internet Chess Club"]
[Date "2020.06.14"]
[Round "3"]
[White "tigerche207"]
[Black "Queen-2007"]
[Result "1-0"]
[ICCResult "Black checkmated"]
[WhiteElo "1557"]
[BlackElo "1472"]
[Opening "Sicilian: Najdorf"]
[ECO "B90"]
[NIC "SI.14"]
[Time "15:14:40"]
[TimeControl "900+10"]

1. e4 c5 2. Nf3 d6 3. d4 cxd4 4. Nxd4 Nf6 5. Nc3 a6 6. f3 b5 7. Be3 Bb7 8.
g4 e6 9. Qd2 Be7 10. O-O-O Nfd7 11. Kb1 Ne5 12. Be2 Nbd7 13. f4 Nc6 14. f5
e5 15. Nxc6 Bxc6 16. g5 b4 17. Nd5 f6 18. Bh5+ Kf8 19. gxf6 Nxf6 20. Nxf6
Bxf6 21. Qxd6+ Qxd6 22. Rxd6 Bxe4 23. Bc5 Be7 24. f6 Bxd6 25. Bxd6+ Kg8 26.
f7# {Black checkmated} 1-0

[Event "ICC tourney 1877 (15 10)"]
[Site "Internet Chess Club"]
[Date "2020.06.14"]
[Round "3"]
[White "vibi"]
[Black "MehPlayer"]
[Result "0-1"]
[ICCResult "White resigns"]
[WhiteElo "1465"]
[BlackElo "1445"]
[Opening "English: Neo-Catalan"]
[ECO "A13"]
[NIC "QP.11"]
[Time "15:14:01"]
[TimeControl "900+10"]

1. Nf3 Nf6 2. c4 e6 3. g3 d5 4. d4 c6 5. Bg2 dxc4 6. a4 Nbd7 7. O-O Bd6 8.
Na3 O-O 9. Nxc4 Bc7 10. Qc2 Nd5 11. e4 Nb4 12. Qb3 a5 13. Bg5 f6 14. Be3 Nb6
15. Nfd2 Nxc4 16. Nxc4 Kh8 17. Rfd1 b5 18. axb5 cxb5 19. Na3 Rb8 20. Rac1
Qe7 21. Rc5 Ba6 22. Rdc1 Bd6 23. R5c3 a4 24. Qd1 Na2 {White resigns} 0-1

[Event "ICC tourney 1877 (15 10)"]
[Site "Internet Chess Club"]
[Date "2020.06.14"]
[Round "3"]
[White "arconsul2"]
[Black "poohfur"]
[Result "0-1"]
[ICCResult "White resigns"]
[WhiteElo "1271"]
[BlackElo "1386"]
[Opening "English opening"]
[ECO "A13"]
[NIC "EO.64"]
[Time "15:14:05"]
[TimeControl "900+10"]

1. c4 e6 2. g3 d5 3. Bg2 c5 4. cxd5 exd5 5. Nf3 Nc6 6. O-O Nf6 7. d4 Bd6 8.
dxc5 Bxc5 9. Bg5 Bf5 10. Nc3 h6 11. Bxf6 Qxf6 12. Nxd5 Qd6 13. Nc3 Qe6 14.
Qa4 O-O 15. Rac1 Bb4 16. a3 Bxc3 17. Rxc3 Qxe2 18. Rc5 Be6 19. b4 Qd3 20.
Rd1 Qg6 21. b5 Ne7 22. Rc7 Nd5 23. Rxb7 Nc3 24. Qd4 Ne2+ {White resigns} 0-1

[Event "ICC tourney 1877 (15 10)"]
[Site "Internet Chess Club"]
[Date "2020.06.14"]
[Round "3"]
[White "saisneha"]
[Black "NSXchessplayer"]
[Result "1-0"]
[ICCResult "Black resigns"]
[WhiteElo "1515"]
[BlackElo "1378"]
[Opening "QGD Slav defense: exchange variation"]
[ECO "D10"]
[NIC "SL.01"]
[Time "15:14:24"]
[TimeControl "900+10"]

1. d4 d5 2. c4 c6 3. cxd5 cxd5 4. Bf4 e6 5. Nc3 a6 6. e3 Nf6 7. Nf3 Nc6 8.
Bd3 b5 9. O-O Be7 10. Rc1 Bb7 11. Ne5 Rc8 12. Nxb5 axb5 13. Bxb5 Qb6 14.
Bxc6+ Bxc6 15. Rxc6 Rxc6 16. Qa4 O-O 17. Nxc6 Bd8 18. b4 Bc7 19. Bxc7 Qxc7
20. b5 Nd7 21. Qb4 Ra8 22. a4 Nb6 23. a5 Nc4 24. Ra1 Qb7 25. a6 Qb6 26. Qc5
Qxc5 27. dxc5 Kf8 28. b6 Nxb6 29. cxb6 Ke8 30. b7 Rb8 31. a7 Rxb7 32. a8=Q+
{Black resigns}
1-0

[Event "ICC tourney 1877 (15 10)"]
[Site "Internet Chess Club"]
[Date "2020.06.14"]
[Round "3"]
[White "VincentT2008"]
[Black "BlunderMaster17"]
[Result "0-1"]
[ICCResult "White resigns"]
[WhiteElo "1326"]
[BlackElo "1513"]
[Opening "QGD semi-Slav"]
[ECO "D43"]
[NIC "SL.03"]
[Time "15:14:59"]
[TimeControl "900+10"]

1. d4 d5 2. c4 c6 3. Nf3 Nf6 4. Nc3 e6 5. Bg5 Be7 6. e3 Nbd7 7. Bd3 O-O 8.
O-O a6 9. Rc1 dxc4 10. Bxc4 b5 11. Bd3 Bb7 12. a3 c5 13. dxc5 Nxc5 14. Bc2
Rc8 15. Qe2 h6 16. Bh4 Qb6 17. Ne5 Rfd8 18. Rfd1 Rxd1+ 19. Rxd1 Rd8 20. f3
Rxd1+ 21. Qxd1 b4 22. Nc4 Qc7 23. Bg3 Qc8 24. Nb6 Qc6 25. Nc4 bxc3 26. Ne5
Qd5 {White resigns} 0-1

[Event "ICC tourney 1877 (15 10)"]
[Site "Internet Chess Club"]
[Date "2020.06.14"]
[Round "3"]
[White "evg1234567"]
[Black "Mitochondria"]
[Result "0-1"]
[ICCResult "White resigns"]
[WhiteElo "1633"]
[BlackElo "1613"]
[Opening "King's Indian: 5.Nf3"]
[ECO "E90"]
[NIC "KI.21"]
[Time "15:13:44"]
[TimeControl "900+10"]

1. d4 Nf6 2. c4 g6 3. Nc3 Bg7 4. e4 d6 5. Nf3 O-O 6. Bd3 c5 7. d5 e6 8. O-O
e5 9. Nd2 Nh5 10. Nb3 f5 11. exf5 Bxf5 12. Bxf5 Rxf5 13. g4 Rg5 14. Bxg5
Qxg5 15. f3 Nf4 16. Ne2 Nd7 17. Nxf4 Qxf4 18. Qd2 Qf6 19. Rae1 Qh4 20. Qf2
Qg5 21. Qg3 Rf8 22. h4 Qe7 23. f4 Nb6 24. Qd3 Qxh4 25. Qe2 Qg3+ 26. Qg2
Qxg2+ 27. Kxg2 Nxc4 28. fxe5 Rxf1 29. Rxf1 Bxe5 30. Rf2 Ne3+ 31. Kf3 Nc4 32.
Ke4 Nxb2 33. Na5 b6 34. Nc6 Bg7 35. Nxa7 Nc4 36. Nc8 Bd4 37. Rc2 Ne3 38. Rc1
Nxg4 39. Nxd6 Nf6+ 40. Kd3 Nxd5 41. Kc4 Nb4 42. a3 Nc6 43. Nc8 Bb2 44. Rf1
Bxa3 45. Nxb6 Ne5+ 46. Kc3 Bb4+ 47. Kb3 Nc6 48. Kc4 Ne5+ 49. Kd5 Ng4 50. Ke6
Ne3 51. Ra1 c4 52. Kf6 Ng4+ 53. Kg5 Ne3 54. Kf6 Bc3+ {White resigns} 0-1

[Event "ICC tourney 1877 (15 10)"]
[Site "Internet Chess Club"]
[Date "2020.06.14"]
[Round "3"]
[White "TarraschKan"]
[Black "reachraam"]
[Result "0-1"]
[ICCResult "White resigns"]
[WhiteElo "1337"]
[BlackElo "1485"]
[Opening "Vienna gambit"]
[ECO "C29"]
[NIC "VG.04"]
[Time "15:14:45"]
[TimeControl "900+10"]

1. e4 e5 2. Nc3 Nf6 3. f4 d6 4. Nf3 Nc6 5. Bb5 Bg4 6. h3 Bxf3 7. Qxf3 a6 8.
Bxc6+ bxc6 9. fxe5 dxe5 10. d3 Bc5 11. Be3 Bd4 12. Bg5 Rb8 13. O-O-O Rxb2
14. Ne2 Rxa2 15. Nxd4 Qxd4 16. Bxf6 Qc3 {White resigns} 0-1

[Event "ICC tourney 1877 (15 10)"]
[Site "Internet Chess Club"]
[Date "2020.06.14"]
[Round "3"]
[White "wolfemonster"]
[Black "watermelon"]
[Result "1-0"]
[ICCResult "Black resigns"]
[WhiteElo "1542"]
[BlackElo "1316"]
[Opening "QGD Slav: 3.Nf3"]
[ECO "D11"]
[NIC "SL.01"]
[Time "15:13:53"]
[TimeControl "900+10"]

1. d4 d5 2. c4 c6 3. Nf3 Bf5 4. g3 Nf6 5. Bg2 e6 6. O-O Bd6 7. b3 O-O 8. Bb2
Nbd7 9. Nbd2 Re8 10. Ne5 Qc7 11. Ndf3 c5 12. Rc1 dxc4 13. Nxc4 cxd4 14. Nxd4
Be5 15. Nxf5 exf5 16. Nxe5 Qd8 17. Nxd7 Nxd7 18. Bxb7 Rb8 19. Bc6 Re7 20.
Ba3 Ne5 21. Qxd8+ Rxd8 22. Bxe7 {Black resigns} 1-0

[Event "ICC tourney 1877 (15 10)"]
[Site "Internet Chess Club"]
[Date "2020.06.14"]
[Round "3"]
[White "Cbf577"]
[Black "vinbiko"]
[Result "1/2-1/2"]
[ICCResult "Game drawn by mutual agreement"]
[WhiteElo "1405"]
[BlackElo "1385"]
[Opening "Four knights: Spanish variation"]
[ECO "C48"]
[NIC "KP.03"]
[Time "15:14:01"]
[TimeControl "900+10"]

1. e4 Nf6 2. Nc3 e5 3. Nf3 Nc6 4. Bb5 Bd6 5. d3 h6 6. O-O O-O 7. Be3 Re8 8.
Bc4 Na5 9. Bd5 c6 10. Bb3 Nxb3 11. axb3 a6 12. d4 exd4 13. Nxd4 Nxe4 14.
Nxe4 Rxe4 15. Qd3 Qe8 16. Nf5 Bf8 17. Nd6 Bxd6 18. Qxd6 Re6 19. Qd3 d5 20.
c4 dxc4 21. bxc4 Rg6 22. Kh1 Be6 23. b3 Rd8 24. Qc3 Bf5 25. Rfe1 Qe4 26. f3
Qd3 27. Qa5 Rd7 28. Kg1 Qc2 29. Ra2 Qxb3 30. Ra3 Qxc4 31. Qxf5 Rgd6 32. Raa1
Rd5 33. Qe4 Qc3 34. Qe8+ Kh7 35. Qe4+ g6 36. Rec1 Qg7 37. Rab1 f5 38. Qe6
R5d6 39. Qa2 Rd3 40. Re1 Re7 41. Bf2 Rxe1+ 42. Rxe1 Rd7 43. Kf1 Qf7 44.
Qxf7+ Rxf7 45. Ke2 Rd7 46. Rd1 Rxd1 47. Kxd1 Kg7 48. Kc2 Kf7 49. Kb3 Ke6 50.
Kb4 Kd5 51. Bb6 g5 52. h3 h5 53. g4 fxg4 54. fxg4 hxg4 55. hxg4 a5+ 56. Bxa5
c5+ 57. Kb5 {Game drawn by mutual agreement} 1/2-1/2

[Event "ICC tourney 1877 (15 10)"]
[Site "Internet Chess Club"]
[Date "2020.06.14"]
[Round "3"]
[White "Leolix"]
[Black "funchesser"]
[Result "0-1"]
[ICCResult "White checkmated"]
[WhiteElo "1531"]
[BlackElo "1406"]
[Opening "Nimzo-Indian: three knights variation"]
[ECO "E21"]
[NIC "NI.26"]
[Time "15:13:59"]
[TimeControl "900+10"]

1. d4 Nf6 2. c4 e6 3. Nc3 Bb4 4. Nf3 b6 5. e3 Bb7 6. Be2 Ne4 7. Qc2 O-O 8.
O-O Bxc3 9. bxc3 f5 10. Ba3 c5 11. Rab1 d6 12. Rfd1 Nd7 13. dxc5 Ndxc5 14.
Nd4 Qg5 15. Bf3 Qg6 16. Nb5 Rf7 17. Qe2 a6 18. Bxc5 bxc5 19. Kf1 axb5 20.
Bh5 Qg5 21. Bxf7+ Kxf7 22. Rxb5 Bc6 23. Rb3 Nxc3 24. Rxc3 Qxg2+ 25. Ke1 Bf3
26. Qc2 Rxa2 27. Rxd6 Qg1+ 28. Kd2 Qd1# {White checkmated} 0-1